 Dungeon Crawl Stone Soup version 0.19.1-1-g22dce08 (webtiles) character file.

921 Jynx the Firebug (level 7, -2/36 HPs)
             Began as a Deep Elf Fire Elementalist on Jan 6, 2017.
             Killed by divine providence
             ... invoked by an orc priest
              (15 damage)
             ... on level 5 of the Dungeon.
             The game lasted 00:08:00 (4024 turns).

Jynx the Firebug (Deep Elf Fire Elementalist)       Turns: 4024, Time: 00:08:01

Health: -2/36      AC:  4    Str:  7    XL:     7   Next: 84%
Magic:  3/18       EV: 13    Int: 22    God:
Gold:   223        SH:  4    Dex: 15    Spells: 4 memorised, 6 levels left

rFire  . . .     SeeInvis .     k - +2 dagger (venom)
rCold  . . .     Gourm    .     a - +1 robe
rNeg   . . .     Faith    .     (no shield)
rPois  .         Spirit   .     (no helmet)
rElec  .         Reflect  +     (no cloak)
rCorr  .         Harm     .     (no gloves)
MR     .....                    z - +0 pair of boots
Stlth  ++........               h - +4 amulet of reflection
                                (no ring)
                                j - +2 ring of strength

@: no status effects
A: no striking features
a: no special abilities


You were on level 5 of the Dungeon.
You were not hungry.

You visited 1 branch of the dungeon, and saw 5 of its levels.

You collected 223 gold pieces.

Inventory:

Hand Weapons
 k - a +2 dagger of venom (weapon)
Armour
 a - a +1 robe (worn)
 z - a +0 pair of boots (worn)
Jewellery
 h - a +4 amulet of reflection (around neck)
 j - a +2 ring of strength (left hand)
 w - an uncursed ring of protection from fire {unknown}
 y - a cursed -2 ring of intelligence {unknown}
Wands
 v - a wand of disintegration (17/24)
Scrolls
 f - 3 scrolls of teleportation
 n - a scroll of enchant weapon
Potions
 d - 2 potions of curing
 e - a potion of haste {unknown}
 g - a potion of cancellation {unknown}
 m - a potion of degeneration {unknown}
 p - a potion of ambrosia {unknown}
 s - 5 potions of heal wounds
 u - a potion of cure mutation {unknown}
 x - 2 potions of mutation {unknown}
 C - a potion of flight {unknown}
Books
 b - a book of Flames

   Spells                             Type                      Level
   a - Flame Tongue                   Conjuration/Fire             1
   b - Throw Flame                    Conjuration/Fire             2
   c - Conjure Flame                  Conjuration/Fire             3
   d - Inner Flame                    Hexes/Fire                   3
   e - Sticky Flame                   Conjuration/Fire             4
   f - Fireball                       Conjuration/Fire             5
Comestibles
 c - 4 bread rations
 i - 3 meat rations
 l - 3 chunks of flesh
 q - a beef jerky


   Skills:
 - Level 2.4 Dodging
 - Level 2.4 Stealth
 + Level 6.5 Spellcasting
 + Level 5.2 Conjurations
 * Level 7.5 Fire Magic


You had 6 spell levels left.
You knew the following spells:

 Your Spells              Type           Power        Failure   Level  Hunger
a - Flame Tongue          Conj/Fire      #####        1%          1    None
b - Conjure Flame         Conj/Fire      #####...     1%          3    #......
c - Sticky Flame          Conj/Fire      #####...     8%          4    ###....
d - Fireball              Conj/Fire      #####.....   17%         5    #####..


Dungeon Overview and Level Annotations

Branches:
Dungeon (5/15)
 Temple: D:4-7

Altars:
Fedhas
Yredelemnul


Message History

The orc priest looks satisfied for a moment.
Casting: Sticky Flame
Confirm with . or Enter, or press ? or * to list all spells.
Aiming: Flame Tongue
Press: ? - help, Shift-Dir - straight line, f/p - orc wizard
Aim: an orc wizard, wielding a dagger and wearing a robe (almost dead, covered in liquid flames)
The flame tongue hits the orc wizard.
You kill the orc wizard!
Casting: Flame Tongue
Confirm with . or Enter, or press ? or * to list all spells.
You don't have enough magic to cast that spell.
Unknown command.
Casting: Flame Tongue
Confirm with . or Enter, or press ? or * to list all spells.
You don't have enough magic to cast that spell.
You hit the orc priest but do no damage.
The orc priest is poisoned.
The orc priest invokes the aid of Beogh against you.
Beogh smites you!
You die...

#.# ### #(# #.#
****##*** #.#
*,,...,,* #.#
*,....,,* #.#
####.....,,*******
#.#
#.)'o....,,',,,,,,
#.#
#o#*,,,,,,,*******
#)# #@#*,,,,,,,*
#.# #.#*,,,,,,,*
#.# #.#*********
#.# #.#
####.########.#
#.............#
####.##########
###


You could see an orc priest.

Vanquished Creatures
  An ice beast (D:4)
  A phantom (D:4)
  An ogre (D:5)
  A centaur (D:5)
  The ghost of cba the Stinger, an amateur OpVM (D:4)
  A howler monkey (D:3)
  2 crimson imps (D:5)
  2 orc priests
  3 orc wizards
  3 worker ants
  2 hound skeletons (D:4)
  A howler monkey zombie (D:5)
  A gnoll (D:5)
  8 adders
  An ooze (D:2)
  A dart slug (D:5)
  4 leopard geckos
  8 orcs
  3 bats (D:1)
  2 giant cockroaches (D:5)
  9 goblins
  6 hobgoblins
  8 kobolds
  A quokka (D:4)
  4 frilled lizards
  4 rats
79 creatures vanquished.

Notes
Turn   | Place    | Note
-------+----------+-------------------------------------------
     0 | D:1      | Jynx the Deep Elf Fire Elementalist began the quest for the Orb.
     0 | D:1      | Reached XP level 1. HP: 10/10 MP: 6/6
   368 | D:1      | Reached XP level 2. HP: 15/15 MP: 1/8
   707 | D:1      | Reached skill level 4 in Fire Magic
   794 | D:2      | Reached XP level 3. HP: 19/19 MP: 7/9
   799 | D:2      | Learned a level 3 spell: Conjure Flame
   880 | D:2      | Found a blossoming altar of Fedhas.
  1456 | D:3      | Found a faded altar of an unknown god.
  1602 | D:3      | Reached XP level 4. HP: 21/24 MP: 5/11
  1947 | D:3      | Reached skill level 5 in Fire Magic
  1947 | D:3      | Reached XP level 5. HP: 28/28 MP: 8/13
  2215 | D:3      | Found a basalt altar of Yredelemnul.
  2683 | D:4      | Reached XP level 6. HP: 31/32 MP: 7/14
  2916 | D:4      | Noticed an ice beast
  2924 | D:4      | Killed an ice beast
  2924 | D:4      | Reached skill level 6 in Fire Magic
  3028 | D:4      | Reached skill level 5 in Spellcasting
  3202 | D:4      | Noticed cba's ghost (amateur OpVM)
  3209 | D:4      | Killed cba's ghost
  3209 | D:4      | Reached XP level 7. HP: 23/36 MP: 6/17
  3375 | D:5      | Entered Level 5 of the Dungeon
  3593 | D:5      | Reached skill level 7 in Fire Magic
  3820 | D:5      | Reached skill level 5 in Conjurations
  3985 | D:5      | Learned a level 4 spell: Sticky Flame
  3991 | D:5      | Learned a level 5 spell: Fireball
  4024 | D:5      | Killed from afar by an orc priest

Skill      XL: |  1  2  3  4  5  6  7 |
---------------+----------------------+-----
Conjurations   | 2 3 4 5 |  5.2
Fire Magic     | 4 5 6 7 |  7.5
Spellcasting   | 4 5 6 |  6.5
Dodging        | |  2.4
Stealth        | |  2.4

Action                   |  1- 3 |  4- 6 |  7- 9 || total
-------------------------+-------+-------+-------++-------
Melee: Unarmed           |     1 |       |       ||     1
       Dagger            |       |       |    24 ||    24
 Cast: Flame Tongue      |    66 |    90 |    55 ||   211
       Conjure Flame     |       |     3 |     3 ||     6
       Sticky Flame      |       |       |     1 ||     1
  Use: Scroll            |       |       |    10 ||    10
  Eat: Chunk             |     1 |     4 |     3 ||     8
       Beef jerky        |       |       |     1 ||     1
Armor: Robe              |     2 |     2 |     3 ||     7
Dodge: Dodged            |    25 |    14 |    20 ||    59
Block: Other             |     4 |     3 |    10 ||    17
